 Dungeon Crawl Stone Soup version 0.24.0-13-gcf9b3192b9 (webtiles) character file.

Game seed: 666463726801635723, levelgen mode: deterministic

303 Delamore the Cleaver (level 6, 0/51 HPs)
             Began as a Hill Orc Fighter on Nov 8, 2019.
             Was a Follower of Cheibriados.
             Succumbed to tonywhite87's ghost's poison
             ... on level 3 of the Dungeon.
             The game lasted 00:05:39 (2297 turns).

Delamore the Cleaver (Hill Orc Fighter)             Turns: 2297, Time: 00:05:40

Health: 0/51       AC: 10    Str: 28    XL:     6   Next: 38%
Magic:  6/6        EV: 12    Int: 10    God:    Cheibriados [*.....]
Gold:   161        SH: 11    Dex: 19    Spells: 5/5 levels left

rFire    . . .     SeeInvis .   a - +0 war axe
rCold    . . .     Gourm    .   c - +0 shield
rNeg     . . .     Faith    .   b - +0 scale mail
rPois    .         Spirit   .   p - +0 helmet
rElec    .         Reflect  .   (no cloak)
rCorr    .         Harm     .   (no gloves)
MR       .....     Rnd*Rage +   (no boots)
Stlth    +.........             (no amulet)
HPRegen  0.17/turn              m - +2 ring of dexterity
MPRegen  0.10/turn              (no ring)

@: mighty, agile, lethally poisoned (0 -> -39), very slow
A: iridescent scales 1, berserk 1, blurry vision 1, subdued magic 1
a: Bend Time, Renounce Religion


You were on level 3 of the Dungeon.
You worshipped Cheibriados.
Cheibriados was aware of your devotion.
You were not hungry.

You visited 1 branch of the dungeon, and saw 3 of its levels.

You collected 161 gold pieces.

Inventory:

Hand Weapons
 a - a +0 war axe (weapon)
Missiles
 u - 3 poisoned darts (quivered)
Armour
 b - a +0 scale mail (worn)
 c - a +0 shield (worn)
 p - a +0 helmet (worn)
Jewellery
 m - a +2 ring of dexterity (left hand)
Scrolls
 e - 2 scrolls of amnesia {unknown}
 g - a scroll of fear {unknown}
 j - 2 scrolls of remove curse
 l - 4 scrolls of teleportation {unknown}
 n - a scroll of immolation {unknown}
 o - 3 scrolls of enchant armour {unknown}
 q - a scroll of identify
 t - a scroll of magic mapping {unknown}
Potions
 d - a potion of might
 h - a potion of degeneration {unknown}
 i - a potion of lignification {unknown}
 k - a potion of magic {unknown}
Comestibles
 f - 8 rations


   Skills:
 - Level 3.6 Fighting
 + Level 8.5 Axes
 - Level 3.2 Armour
 + Level 0.5 Stealth
 - Level 3.2 Shields


You had 5 spell levels left.
You didn't know any spells.
Your spell library was empty.

Dungeon Overview and Level Annotations

Branches:
Dungeon (3/15)

Altars:
Cheibriados
Gozag


Innate Abilities, Weirdness & Mutations

You are partially covered in iridescent scales. (AC +2)
You tend to lose your temper in combat.
Scrolls take you a little longer to read.
Your spells are a little easier to cast, but a little less powerful.


Message History

You feel sick. The phantom hits you.
* * * LOW HITPOINT WARNING * * *
You block tonywhite87's ghost's attack.
You slice tonywhite87's ghost!!
Tonywhite87's ghost's shroud falls apart!
You destroy tonywhite87's ghost!
Cheibriados appreciates the change of pace.
Your Axes skill increases to level 8!
You have reached level 6!
Your experience leads to an increase in your attributes!
Your base attributes are Str 20, Int 8, Dex 10.
Increase (S)trength, (I)ntelligence, or (D)exterity?
You feel stronger.
You hit the phantom.
* * * LOW HITPOINT WARNING * * *
You feel very sick. You block the phantom's attack. x2
It was a potion of agility.
You feel agile all of a sudden.
You die...

#..# ############.##
#### #
##.............#
...# #.
#..#########...#
##.# #.#
#.##.......##..#
#..#
...#.#8.#...#.8#..##
#..#
#.#.#...#.#...#...#
...#
#.W.#$........#...#
#.##
#..@#o...©....#©..#
..#########
##..#((.......#..##
#.........#
##.#...#.#...#.##
#.####.####
#.#8.#...#.8#.# #.#
#<# #.##©......##.#
#.# #.#
#..#########..#
#.#########
##...........##
#...).....#
#############
#..######.#


You could see a phantom and an orc.

Vanquished Creatures
  The ghost of tonywhite87 the Cutter, an amateur NaWr (D:3)
  Robin (D:2)
  7 gnolls (D:3)
  2 worms
  3 dart slugs
  2 orcs (D:3)
  4 giant cockroaches
  12 goblins
  7 hobgoblins
  2 jackals (D:2)
  2 quokkas
  8 bats
  5 frilled lizards
  6 kobolds
  4 rats
66 creatures vanquished.

Notes
Turn   | Place    | Note
-------+----------+-------------------------------------------
     0 | D:1      | Delamore the Hill Orc Fighter began the quest for the Orb.
     0 | D:1      | Reached XP level 1. HP: 19/19 MP: 1/1
    24 | D:1      | Reached skill level 3 in Axes
    92 | D:1      | Reached XP level 2. HP: 23/26 MP: 2/2
   183 | D:1      | Reached skill level 4 in Axes
   708 | D:2      | Reached XP level 3. HP: 31/31 MP: 3/3
  1035 | D:2      | Reached skill level 5 in Axes
  1080 | D:2      | Noticed Robin
  1090 | D:2      | Killed Robin
  1095 | D:2      | Reached XP level 4. HP: 27/39 MP: 4/4
  1189 | D:2      | Found a snail-covered altar of Cheibriados.
  1202 | D:2      | Became a worshipper of Cheibriados the Contemplative
  1347 | D:3      | Reached skill level 6 in Axes
  1389 | D:3      | Reached XP level 5. HP: 15/45 MP: 5/5
  1721 | D:3      | Reached * piety under Cheibriados
  1730 | D:3      | Gained mutation: Your spells are a little easier to cast,
                  | but a little less powerful. [potion of mutation]
  1730 | D:3      | Gained mutation: Scrolls take you a little longer to read.
                  | [potion of mutation]
  1730 | D:3      | Gained mutation: You tend to lose your temper in combat.
                  | [potion of mutation]
  1730 | D:3      | Gained mutation: You are partially covered in iridescent
                  | scales. (AC +2) [potion of mutation]
  1740 | D:3      | Found an opulent altar of Gozag.
  1750 | D:3      | Reached skill level 7 in Axes
  2263 | D:3      | Found a transporter.
  2263 | D:3      | Noticed tonywhite87's ghost (amateur NaWr)
  2263 | D:3      | Noticed a phantom
  2276 | D:3      | Found a transporter.
  2296 | D:3      | Killed tonywhite87's ghost
  2296 | D:3      | Reached skill level 8 in Axes
  2296 | D:3      | Reached XP level 6. HP: 6/51 MP: 6/6
  2296 | D:3      | HP: 2/51 [poisoned by tonywhite87's ghost]
  2297 | D:3      | Succumbed to tonywhite87's ghost's poison

Levels and vault maps discovered:
D:1:      lightli_arrival_lavapool, layout_loops_ring
D:2:      layout_loops_ring, kennysheep_slug_shrine, uniq_robin
D:3:      layout_basic, old_standard_altar, lemuel_round_altar,
          gammafunk_ghost_arena, uniq_sigmund

Skill      XL: |  1  2  3  4  5 |
---------------+----------------+-----
Axes           | 3 4 5 6 8 |  8.5
Fighting       | |  3.6
Armour         | |  3.2
Stealth        | |  0.5
Shields        | |  3.2

Action                   |  1- 3 |  4- 6 || total
-------------------------+-------+-------++-------
Melee: War axe           |   126 |    97 ||   223
  Use: Potion            |       |     3 ||     3
       Scroll            |       |     2 ||     2
  Eat: Chunk             |     1 |     3 ||     4
Armor: Scale mail        |    72 |    52 ||   124
Dodge: Dodged            |    44 |    44 ||    88
Block: Shield            |    62 |    61 ||   123
